 Dungeon Crawl Stone Soup version 0.28.0-47-ge53b351184 (webtiles) character file.

Game seed: 1184222943791014289

216 GigaChad the Covered (level 5, -7/47 HPs)
             Began as a Minotaur Fighter on May 3, 2022.
             Was a Priest of Lugonu.
             Killed by divine providence
             ... invoked by an orc priest
              (12 damage)
             ... on level 4 of the Dungeon on May 4, 2022.
             The game lasted 00:12:18 (2469 turns).

GigaChad the Covered (Minotaur Fighter)             Turns: 2469, Time: 00:12:19

Health: -7/47      AC:  8    Str: 20    XL:     5   Next: 61%
Magic:  4/4        EV:  9    Int:  5    God:    Lugonu [***...]
Gold:   90         SH:  5    Dex: 12    Spells: 4/4 levels left

rFire   . . .      SeeInvis .   a - +0 long sword
rCold   . . .      Faith    .   c - +0 buckler
rNeg    . . .      Spirit   .   b - +1 scale mail
rPois   .          Reflect  .   (helmet restricted)
rElec   .          Harm     .   (no cloak)
rCorr   .          Rampage  .   (no gloves)
Will    .....                   (no boots)
Stlth   ..........              (no amulet)
HPRegen 0.15/turn               (no ring)
MPRegen 0.09/turn               (no ring)

@: no status effects
A: horns 2, retaliatory headbutt
a: Renounce Religion, Depart the Abyss, Bend Space, Banish


You were on level 4 of the Dungeon.
You worshipped Lugonu.
Lugonu was most pleased with you.
You visited 1 branch of the dungeon, and saw 3 of its levels.

You collected 90 gold pieces.

Inventory:

Hand Weapons
 a - a +0 long sword (weapon)
Missiles
 n - 19 bolts
 o - 17 arrows
Armour
 b - a +1 scale mail (worn)
 c - a +0 buckler (worn)
Scrolls
 g - a scroll of fog
 h - a scroll of silence {unknown}
 k - a scroll of teleportation {unknown}
 l - 3 scrolls of identify {unknown}
 p - a scroll of blinking
 r - a scroll of summoning {unknown}
 s - a scroll of enchant weapon {unknown}
 t - a scroll of noise {unknown}
Potions
 d - 3 potions of might
 e - a potion of heal wounds {unknown}
 f - a potion of flight {unknown}
 i - a potion of lignification {unknown}
 j - a potion of curing {unknown}
 m - a potion of degeneration {unknown}
 q - a potion of invisibility {unknown}


   Skills:
 + Level 4.3 Fighting
 + Level 4.8 Long Blades
 + Level 5.2 Armour
 + Level 0.6 Dodging
 + Level 0.2 Stealth
 + Level 4.3 Shields


You had 4 spell levels left.
You didn't know any spells.
Your spell library was empty.

Dungeon Overview and Level Annotations

Branches:
Dungeon (4/15)
 Temple: D:4-7

Altars:
Nemelex Xobeh
Uskayaw
Lugonu

Shops:
D:1 [[[


Innate Abilities, Weirdness & Mutations

You have a pair of horns on your head.
You reflexively headbutt those who attack you in melee.


Message History

The orc wizard shouts!
The orc priest mumbles some strange prayers to Beogh against you.
Beogh smites you!
The orc priest looks braver for a moment.
An orc comes into view. It is wielding a +0 dagger.
The orc shouts!
The orc wizard gestures wildly while chanting.
The orc wizard flickers and vanishes!
Deactivating autopickup; reactivate with Ctrl-A.
You hit the orc warrior. Your headbutt misses the orc warrior.
The orc warrior is lightly wounded.
The orc warrior hits you with a +0 mace.
You barely miss the orc warrior.
The orc warrior is lightly wounded.
You block the orc's attack.
The orc priest calls upon Beogh to heal the orc warrior.
The orc warrior hits you with a +0 mace!
The orc hits you but does no damage. Something hits you but does no damage.
The orc priest calls down the wrath of Beogh upon you.
Something writhes in agony.
You hear a shout!
You miss something. Something hits you but does no damage.
The orc hits you but does no damage.
The orc warrior hits you with a +0 mace!
You closely miss something. Your headbutt misses something.
The orc hits you with a +0 dagger.
* * * LOW HITPOINT WARNING * * *
Something hits you.
* * * LOW HITPOINT WARNING * * *
The orc warrior hits you with a +0 mace.
* * * LOW HITPOINT WARNING * * *
The orc hits you but does no damage.
Unknown command.
Unknown command.
The orc barely misses you. The orc warrior closely misses you.
The orc hits you but does no damage. You block the orc's attack.
The orc priest invokes the aid of Beogh against you.
Beogh smites you!
You die...

.......................#
..###..≈._.≈.######....# ..#
##.......######.†..#
.......#####....##.....#
..####..<...<...##.>...#########
..# #######....##.............#
[.# #....##.######.####.## ..#
###..>..# #.# #..# #.# ##.@#####
#.# ##.# #.# #.ooo...####.#####..
#.############...o.......o.......
#†##............<...#######.####.
...#.##P##P##.......# .....##.
#..#.#..P.P.#..#....# #.....##..
#....P.........##...# ###..##..o
#.##........#.#.....# .8.(###..
#....#.P.)..#.#.##..## #$..# #.o


You could see an orc warrior, an orc priest and 2 orcs.

Vanquished Creatures
  A wyvern skeleton (D:4)
  A bullfrog skeleton (D:4)
  Terence (D:2)
  2 iguanas (D:4)
  An adder (D:2)
  2 worms (D:2)
  2 dart slugs
  3 endoplasms
  3 giant cockroaches (D:1)
  3 goblins
  6 hobgoblins
  3 jackals (D:4)
  2 quokkas
  A ball python (D:4)
  A bat (D:2)
  5 frilled lizards
  A jackal skeleton (D:4)
  A kobold (D:1)
  2 quokka skeletons (D:4)
  4 rats
45 creatures vanquished.

Vanquished Creatures (others)
  2 fungi (D:1)
  3 plants (D:1)
5 creatures vanquished.

Grand Total: 50 creatures vanquished

Notes
Turn   | Place    | Note
-------+----------+-------------------------------------------
     0 | D:1      | GigaChad the Minotaur Fighter began the quest for the Orb.
     0 | D:1      | Reached XP level 1. HP: 19/19 MP: 0/0
     2 | D:1      | Noticed a demonspawn
     4 | D:1      | Noticed a felid
     4 | D:1      | Noticed a dwarf
     6 | D:1      | Noticed a ghoul
     8 | D:1      | Noticed a tengu
    10 | D:1      | Noticed a formicid
    12 | D:1      | Noticed a naga
    12 | D:1      | Noticed a gargoyle
    14 | D:1      | Noticed a draconian
    14 | D:1      | Noticed an octopode
    16 | D:1      | Noticed a vine stalker
    16 | D:1      | Noticed a human
    18 | D:1      | Noticed an elf
    18 | D:1      | Noticed a troll
    20 | D:1      | Noticed a demigod
    22 | D:1      | Noticed a spriggan
    22 | D:1      | Noticed an ogre
    24 | D:1      | Noticed a minotaur
    24 | D:1      | Noticed a vampire
    26 | D:1      | Noticed a merfolk
   161 | D:1      | Found Tippi's Antique Armour Emporium.
   217 | D:1      | Found Heumpes's Armour Shoppe.
   317 | D:1      | Reached XP level 2. HP: 23/27 MP: 1/1
   549 | D:1      | Found a faded altar of an unknown god.
   559 | D:1      | Prayed at the altar of an unknown god.
   559 | D:1      | Became a worshipper of Lugonu the Unformed
   559 | D:1      | Reached * piety under Lugonu
   559 | D:1      | Reached ** piety under Lugonu
   723 | D:1      | Found Pirchuugg's Antique Armour Emporium.
   956 | D:1      | Reached skill level 4 in Armour
  1038 | D:2      | Noticed Terence
  1043 | D:2      | Killed Terence
  1044 | D:2      | Reached XP level 3. HP: 9/33 MP: 2/2
  1320 | D:2      | Found a hide-covered altar of Uskayaw.
  1813 | D:2      | Reached XP level 4. HP: 34/40 MP: 3/3
  1919 | D:2      | You fall into a shaft and drop 2 floors!
  2042 | D:4      | Reached skill level 5 in Armour
  2042 | D:4      | Reached XP level 5. HP: 35/47 MP: 4/4
  2319 | D:4      | Reached *** piety under Lugonu
  2362 | D:4      | Found a sparkling altar of Nemelex Xobeh.
  2428 | D:4      | Noticed an orc warrior
  2469 | D:4      | Killed from afar by an orc priest

Illustrated notes

Levels and vault maps discovered:
D:1:      kb_arrival_jail, layout_basic, serial_shops, shop_fountains, shop,
          nicolae_shop_trees, shapermc_ecumenical_altar_hornbeckon
D:2:      layout_basic, basic_altar, uniq_terence
D:4:      cheibrodos_old_hovel, layout_rooms, mainiacjoe_overflow_tiny_flanked,
          guppyfry_early_orc_mine

Skill      XL: |  1  2  3  4 |
---------------+-------------+-----
Shields        | 4 |  4.3
Armour         | 4 5 |  5.2
Fighting       | 4 |  4.3
Long Blades    | 3 4 |  4.8
Dodging        | |  0.6
Stealth        | |  0.2

Action                   |  1- 3 |  4- 6 || total
-------------------------+-------+-------++-------
Melee: Long sword        |    88 |    41 ||   129
       Headbutt          |    13 |     8 ||    21
  Use: Scroll            |     4 |       ||     4
Armor: Scale mail        |    36 |    17 ||    53
Dodge: Dodged            |    35 |    22 ||    57
Block: Buckler           |    21 |    11 ||    32
